nht, chaotic female elven Wizard ------- |..[..| |%.[.[| ----+------- |.[[[.| |...........######## G-..[[[| |..........| #############|.@[.[| ...........| |..@[[| ------------ ------- nht the Thaumaturge Experience level: 6 Strength: 25 Dexterity: 14 Constitution: 11 Intelligence: 19 Wisdom: 10 Charisma: 7 Health: 0(43) Energy: 68(79) Def: 1 Gold: 0 Moves: 1201 Dungeon seed: upk2OjHjteLcUqlK Game ID: nht_1433659292 Your Inventory: Weapons a - a blessed +1 quarterstaff (weapon in hands) Armor e - an uncursed +0 pair of gauntlets of power (being worn) n - an uncursed +0 helm of brilliance q - a cursed -1 helm of opposite alignment r - a cursed -1 pair of fumble boots (being worn) y - an uncursed +0 robe z - an uncursed +0 cloak of displacement I - a cursed -1 cloak of protection Comestibles Q - an uncursed lembas wafer Scrolls k - an uncursed scroll of enchant weapon u - a cursed scroll of food detection A - a blessed scroll of light D - an uncursed scroll of confuse monster E - an uncursed scroll of light H - a blessed scroll of blank paper Spellbooks V - a blessed spellbook of blank paper Potions f - an uncursed potion of confusion g - an uncursed potion of gain energy h - an uncursed potion of see invisible S - an uncursed potion of healing Rings w - an uncursed ring of conflict Wands O - a wand of sleep (0:4) Tools b - an uncursed sack i - an uncursed oil lamp (lit) (0:1023) o - a magic marker (0:23) p - an uncursed leather drum t - an uncursed blindfold v - an uncursed lock pick M - 8 uncursed tallow candles (0:200) P - an uncursed magic whistle Gems N - 2 uncursed worthless pieces of violet glass Y - an uncursed worthless piece of white glass Contents of the sack: a +0 pick-axe Spells known in the end: Name Level Category Fail Memory a - force bolt 1 attack 3% 94% b - magic missile 2 attack 0% 94% c - cure sickness 3 healing 87% 94% d - detect monsters 1 divination 3% 99% Your skills at the end: Fighting Skills Weapon Skills quarterstaff [Basic] Spellcasting Skills attack spells [Basic] enchantment spells [Basic] Final Attributes: You were devoutly aligned. You were sleep resistant. You fumbled. You had infravision. You are dead. Vanquished creatures: a large mimic 3 small mimics a dwarf lord 4 gnome lords 3 gnomish wizards 6 dwarves 2 rothes an acid blob 5 cave spiders a brown mold 16 gnomes 2 jackals a sewer rat 4 grid bugs a bat 2 newts 53 creatures vanquished. Voluntary challenges: You followed a strict vegan diet. You used a wielded weapon 99 times, starting on turn 60. You read items or engraved 10 times, starting on turn 680. You never genocided any monsters. You never polymorphed an object. You changed form 1 time, starting on turn 403. You used no wishes. You never split a pudding. You wrote Elbereth's name 1 time, starting on turn 934. You violated your moral code, losing 1 point of alignment, starting on turn 1199. You disabled loading bones files. Dungeon overview: The Dungeons of Doom: levels 1 to 6 Level 1 a long staircase Level 2 a bookstore stairs to The Gnomish Mines Level 3 Level 4 (rings) a jewelry store, some fountains Level 5 Level 6 <- You were here an armor shop The Gnomish Mines: levels 3 to 6 Level 3 stairs to The Dungeons of Doom Level 4 Level 5 many shops, a temple to Ptah, some fountains Level 6 History has recorded: On T:1 you entered the Dungeons of Doom to retrieve the Amulet of Yendor! On T:24 you reached level 2 of The Dungeons of Doom. On T:116 you reached level 1 of The Gnomish Mines. On T:150 you advanced to experience level 2. On T:166 you advanced to experience level 3. On T:178 you advanced to experience level 4. On T:384 you advanced to experience level 5. On T:495 you reached level 3 of The Gnomish Mines. On T:667 you advanced to experience level 6. On T:719 you reached level 4 of The Gnomish Mines. On T:849 you reached level 3 of The Dungeons of Doom. On T:941 you reached level 4 of The Dungeons of Doom. On T:1041 you reached level 5 of The Dungeons of Doom. On T:1134 you reached level 6 of The Dungeons of Doom. Score breakdown: Gold: 0 ( 0 points) Experience: 6 levels (12456 points) Exploration: 6 levels ( 12.24%) ( 9682 points) Discoveries: 16 items ( 5.80%) ( 7223 points) Valuables value: (no points given unless you survive) Artifact value: 0 ( 0 points) Variety of kills: 16 monsters ( 4.22%) ( 6163 points) Time penalty: 1201 turns ( 0 points) Survival: died (score multiplied by 80%) Total score: 28419 Latest messages: You start playing the leather drum. You beat a deafening row! Tirebolu turns to flee! Tirebolu zaps a wand of striking! The wand hits you! Wizard, your life force is running out. Tirebolu zaps a wand of striking! The wand hits you! You die... Tirebolu takes all your possessions. Final status: Goodbye nht the Wizard, killed by a wand... You died in The Dungeons of Doom on dungeon level 6 with 28419 points, and 0 pieces of gold, after 1201 moves. You were level 6 with a maximum of 43 hit points when you died.